 Dungeon Crawl Stone Soup version 0.26-a0-651-gb41185065b (webtiles) character file.

Game seed: 2075494609675349444

(classic levelgen) 33 EnegeticOcto the Sneak (level 3, 14/34 HPs)
             Began as a Deep Dwarf Delver on Oct 24, 2020.
             Quit the game on level 6 of the Dungeon.
             The game lasted 00:00:17 (48 turns).

EnegeticOcto the Sneak (Deep Dwarf Delver)            Turns: 48, Time: 00:00:18

Health: 14/34      AC:  4    Str: 15    XL:     3   Next: 12%
Magic:  1/1        EV: 12    Int: 11    God:
Gold:   0          SH:  0    Dex: 14    Spells: 2/2 levels left

rFire    . . .     SeeInvis .   a - +0 hand axe
rCold    . . .     Faith    .   (no shield)
rNeg     . . .     Spirit   .   b - +1 leather armour
rPois    .         Reflect  .   (no helmet)
rElec    .         Harm     .   (no cloak)
rCorr    .         Rampage  .   (no gloves)
MR       .....                  (no boots)
Stlth    +++.......             (no amulet)
HPRegen  0.00/turn              (no ring)
MPRegen  0.07/turn              (no ring)

@: mildly poisoned (14 -> 14), non-regenerating
A: damage resistance, heal wounds, sense surroundings 1, no regeneration
a: Heal Wounds


You were on level 6 of the Dungeon.
You visited 1 branch of the dungeon, and saw 2 of its levels.

Inventory:

Hand Weapons
 a - a +0 hand axe (weapon)
Armour
 b - a +1 leather armour (worn)
Wands
 g - a wand of digging (3) {@v3}
Scrolls
 c - a scroll of fog
 d - a scroll of magic mapping {@r5}
 e - a scroll of fear
Potions
 f - a potion of haste {@q4}


   Skills:
 + Level 3.0 Fighting
 + Level 2.7 Axes
 + Level 2.7 Dodging
 + Level 6.3 Stealth


You had 2 spell levels left.
You didn't know any spells.
Your spell library was empty.

Dungeon Overview and Level Annotations

Branches:
Dungeon (6/15)
 Temple: D:4-7

Altars:


Innate Abilities, Weirdness & Mutations

You are resistant to damage.
You can heal yourself by infusing magical energy.
You passively map a small area around you.
You do not regenerate.


Message History

There is a stone staircase leading down here.
You climb downwards.
A howler monkey skeleton comes into view.
There is a stone staircase leading up here.
Found a scroll labeled VUORIUTHRAI.
The helpless howler monkey skeleton fails to defend itself.
You slash the howler monkey skeleton!
The howler monkey skeleton is heavily damaged.
The howler monkey skeleton closely misses you.
You hit the howler monkey skeleton but do no damage.
The howler monkey skeleton is heavily damaged.
The howler monkey skeleton hits you.
You hit the howler monkey skeleton.
The howler monkey skeleton is heavily damaged.
A worker ant comes into view.
The howler monkey skeleton hits you but does no damage.
The worker ant twitches its antennae in your direction.
You hit the howler monkey skeleton.
The howler monkey skeleton is severely damaged.
The howler monkey skeleton barely misses you.
You hit the howler monkey skeleton but do no damage.
The howler monkey skeleton is severely damaged.
The howler monkey skeleton hits you.
You hit the howler monkey skeleton.
You destroy the howler monkey skeleton!
You have reached level 2!
You barely miss the worker ant. The worker ant closely misses you.
The worker ant barely misses you.
You closely miss the worker ant. The worker ant closely misses you.
You hit the worker ant but do no damage.
The worker ant bites you.
You are poisoned.
The worker ant poisons you! The worker ant bites you.
You barely miss the worker ant. The worker ant misses you.
You barely miss the worker ant. The worker ant bites you.
You are more poisoned.
The worker ant poisons you! The worker ant bites you.
* * * LOW HITPOINT WARNING * * *
You are more poisoned.
The worker ant poisons you!
You are too injured to fight recklessly!
You are too injured to fight recklessly!
You are too injured to fight recklessly!
You fail to use your ability.
You feel sick. The worker ant bites you.
* * * LOW HITPOINT WARNING * * *
You are too injured to fight recklessly!
You fail to use your ability.
You feel sick. The worker ant bites you.
* * * LOW HITPOINT WARNING * * *
Your magical essence is drained by the effort!
You feel much better. The worker ant bites you.
You hit the worker ant.
The worker ant is lightly wounded.
The worker ant bites you.
You are more poisoned.
The worker ant poisons you!
The worker ant bites you but does no damage.
Your magical essence is drained by the effort!
You feel much better.
You feel sick.
The worker ant bites you but does no damage.
You barely miss the worker ant.
The worker ant is lightly wounded.
The worker ant bites you.
You hit the worker ant.
The worker ant is moderately wounded.
The worker ant bites you. The worker ant closely misses you.
You hit the worker ant.
The worker ant is severely wounded.
The worker ant barely misses you.
You hit the worker ant.
The worker ant is severely wounded.
The worker ant bites you. x2
You closely miss the worker ant.
The worker ant is severely wounded.
The worker ant barely misses you.
You hit the worker ant.
The worker ant is almost dead.
The worker ant barely misses you.
You hit the worker ant but do no damage.
The worker ant is almost dead.
The worker ant barely misses you. The worker ant closely misses you.
You hit the worker ant but do no damage.
The worker ant is almost dead.
The worker ant bites you.
You hit the worker ant.
You kill the worker ant!
Your Fighting skill increases to level 3!
You have reached level 3!
Your experience leads to an increase in your attributes!
Increase (s)trength, (i)ntelligence, or (d)exterity?
You feel clever.
An orc comes into view.
The orc shouts!
You hear a shout! x4
An orc comes into view. It is wielding a +0 short sword.
A worker ant and a gnoll come into view.
You see here a scroll labeled VUORIUTHRAI.
As you read the scroll labeled VUORIUTHRAI, it crumbles to dust.
It is a scroll of enchant armour.
Your +0 leather armour glows green for a moment.
The orc shouts!
Are you sure you want to abandon this character and quit the game? (Confirm with "yes".)

#... #..#.# * ,
*... #..#.# **
..###.####..#.# , ,
...........#.######
* ,
#............... *
#.#<##.##.#####. *
, , #.##.##.# ,
,#.##..#.# ,
#.###@#.#** * *
,#.# #.#.. , * , *
, #.#*#.###* , *
... #o# ,, , , *
,#.. #.# ** , *#o#
* * #.#* ** * ,,,,


.ga , , ,, , , * You could see a worker ant, a gnoll and 2 orcs.

Vanquished Creatures
  A worker ant (D:6)
  A howler monkey skeleton (D:6)
2 creatures vanquished.

Notes
Turn   | Place    | Note
-------+----------+-------------------------------------------
     0 | D:5      | EnegeticOcto the Deep Dwarf Delver began the quest for the
                  | Orb.
     0 | D:5      | Reached XP level 1. HP: 20/20 MP: 1/1
    19 | D:6      | Noticed a worker ant
    22 | D:6      | Reached XP level 2. HP: 16/27 MP: 2/2
    41 | D:6      | Reached XP level 3. HP: 14/34 MP: 1/1
    48 | D:6      | Quit the game

Illustrated notes

Levels and vault maps discovered:
D:5:      layout_basic, minmay_misc_feat_enclosed, uniq_menkaure, uniq_edmund
D:6:      layout_loops_ring, nicolae_ashenzari_panopticon, centaur_isle,
          uniq_maggie, uniq_crazy_yiuf_cottage

Skill      XL: |  1  2 |
---------------+-------+-----
Fighting       | 3 |  3.0
Axes           | |  2.7
Dodging        | |  2.7
Stealth        | |  6.3

Action                   || total
-------------------------++-------
Melee: Hand axe          ||    21
 Abil: Heal Wounds       ||     2
  Use: Scroll            ||     1
 Stab: Sleeping          ||     1
Armor: Leather armour    ||     3
Dodge: Dodged            ||    12

Table legend: (Time is in decaauts)
 A = Elapsed time spent in this place.
 B = Non-inter-level travel time spent in this place.
 C = Inter-level travel time spent in this place.
 D = Time resting spent in this place.
 E = Time spent auto-exploring this place.
 F = Levels seen in this place.
 G = Mean time per level.
                   A        B        C        D        E       F      G
               +--------+--------+--------+--------+--------+-----+--------+
         Total |     51 |     49 |      2 |      0 |      0 |   2 |   25.5 |
       Dungeon |     51 |     49 |      2 |      0 |      0 |   2 |   25.5 |
               +--------+--------+--------+--------+--------+-----+--------+

Top non-repeatable levels by time:
     D:6: 40 daAuts
     D:5: 11 daAuts
